 Dungeon Sprint DCSS version 0.21-a0-401-g0b6bec4 (webtiles) character file.

25 theanonym the Magician (level 2, -2/17 HPs)
             Began as a Deep Elf Fire Elementalist on Oct 21, 2017.
             Was an Initiate of Vehumet.
             Slain by Sigmund
             ... wielding a +0 scythe
              (6 damage)
             ... in the Dungeon (Sprint V: "Ziggurat Sprint").
             The game lasted 00:02:40 (98 turns).

theanonym the Magician (Deep Elf Fire Elementalist)   Turns: 98, Time: 00:02:40

Health: -2/17      AC:  2    Str:  5    XL:     2   Next: 86%
Magic:  6/15       EV: 13    Int: 37    God:    Vehumet [......]
Gold:   0          SH:  0    Dex: 15    Spells: 9/10 levels left

rFire    . . .     SeeInvis .   C - +6 Majin-Bo {vamp, Archmagi MP+6 Int+6}
rCold    . . .     Gourm    .   (shield currently unavailable)
rNeg     . . .     Faith    .   a - +0 robe
rPois    .         Spirit   .   (no helmet)
rElec    .         Reflect  .   (no cloak)
rCorr    .         Harm     .   (no gloves)
MR       .....     NoTele   +   (no boots)
Stlth    ++........             (no amulet)
HPRegen  0.05/turn              x - +6 ring of intelligence
MPRegen  0.14/turn              y - +6 ring of intelligence

@: no status effects
A: no striking features
a: Renounce Religion


You were in the Dungeon.
You worshipped Vehumet.
Vehumet was noncommittal.
You were not hungry.

You visited 1 branch

Inventory:

Hand Weapons
 C - the +6 Majin-Bo (weapon) {vamp, Archmagi MP+6 Int+6}
   (You found it in the Dungeon)

   It inflicts no extra harm, but heals its wielder when it wounds a living foe.
   It affects your intelligence (+6).
   It affects your magic capacity (+6).
Armour
 a - a +0 robe (worn)
Magical Staves
 z - an uncursed staff of energy
   (You found it in the Dungeon)
Jewellery
 x - a +6 ring of intelligence (left hand)
   (You found it in the Dungeon)
 y - a +6 ring of intelligence (right hand)
   (You found it in the Dungeon)
Wands
 B - a wand of acid (5/15)
   (You found it in the Dungeon)
Scrolls
 i - 4 scrolls of blinking
 q - 4 scrolls of amnesia
 r - 5 scrolls of identify
 s - 7 scrolls of fog {!r}
 t - 2 scrolls of fear {!r}
 u - 3 scrolls of recharging
 v - 5 scrolls of remove curse
Potions
 d - 10 potions of curing
 e - 10 potions of heal wounds
 f - 6 potions of haste
 g - 7 potions of magic
 h - a potion of berserk rage
 k - 5 potions of agility
 l - 2 potions of brilliance
 m - a potion of experience
 n - 2 potions of invisibility
 o - 5 potions of might
 p - 4 potions of resistance
Books
 b - a book of Flames

   Spells                             Type                      Level
   a - Flame Tongue                   Conjuration/Fire             1
   b - Throw Flame                    Conjuration/Fire             2
   c - Conjure Flame                  Conjuration/Fire             3
   d - Inner Flame                    Hexes/Fire                   3
   e - Sticky Flame                   Conjuration/Fire             4
   f - Fireball                       Conjuration/Fire             5
Miscellaneous
 A - a crystal ball of energy
   (You found it in the Dungeon)
Comestibles
 w - 42 fruits


   Skills:
 + Level 2.1 Fighting
 - Level 2.4 Dodging
 - Level 2.4 Stealth
 + Level 4.8 Spellcasting
 + Level 3.2 Conjurations
 + Level 4.5 Fire Magic


You had 9 spell levels left.
You knew the following spells:

 Your Spells              Type           Power        Failure   Level  Hunger
a - Flame Tongue          Conj/Fire      #####        1%          1    None


Dungeon Overview and Level Annotations

Branches:
Dungeon (1/1)

Altars:
Ashenzari
Cheibriados
Dithmenos
Elyvilon
Fedhas
Gozag
Hepliaklqana
Kikubaaqudgha
Makhleb
Nemelex Xobeh
Okawaru
Qazlal
Ru
Sif Muna
Trog
Uskayaw
Vehumet
Wu Jian
Xom
Yredelemnul
Zin
The Shining One
Beogh
Jiyva
Lugonu

Annotations:
D 1 transporter, Sigmund


Message History

r - 2 scrolls of fear {!r};
s - 7 scrolls of fog {!r}
r - 5 scrolls of identify;
t - 2 scrolls of fear {!r}
u - 3 scrolls of recharging;
v - 5 scrolls of remove curse
Things that are here:
42 fruits; 4 bread rations; 4 meat rations
w - 42 fruits You see here a lightning rod (4/4).
Items here: =======
x - a +6 ring of intelligence;
y - a +6 ring of intelligence
Things that are here:
an uncursed staff of energy; a crystal ball of energy
z - an uncursed staff of energy;
A - a crystal ball of energy
Items here: //// a wand of disintegration (7/24); a wand of iceblast (5/15) a wand of lightning (5/15); a wand of acid (5/15)
B - a wand of acid (5/15)
Items here: ===== an uncursed ring of flight; a +6 ring of dexterity x2; a +6 ring of strength x2
You see here a lightning rod (4/4).
Items here: )))) [[
C - the +6 Majin-Bo {vamp, Archmagi MP+6 Int+6}
D - the +18 shield of the Gong {rElec rN+ MR+ EV-5}
Items here: ))))))))))
Okay, then.
Unknown command.
Wield which item (- for none, * to show all)? (? for menu, Esc to quit)
This weapon is vampiric, and you must be Full or above to equip it.
You eat the bread ration.
That bread ration really hit the spot!
Wield which item (- for none, * to show all)? (? for menu, Esc to quit)
Really wield
C - the +6 Majin-Bo {vamp, Archmagi MP+6 Int+6}?
You feel a darkness envelop your magic.
A voice whispers, "Well, hello there."
C - the +6 Majin-Bo (weapon)
{vamp, Archmagi MP+6 Int+6}
There is a radiant altar of Vehumet here.
You kneel at the altar of Vehumet.
Vehumet welcomes you!
Wear which item? (? for menu, Esc to quit)
Okay, then.
Wield which item (- for none, * to show all)? (? for menu, Esc to quit)
Okay, then.
Drop what? 29/52 slots (_ for help) (? for menu, Esc to quit)
You drop a +3 buckler.
You drop the +18 shield of the Gong {rElec rN+ MR+ EV-5}.
Put on which piece of jewellery? (? for menu, Esc to quit)
You feel clever.
x - a +6 ring of intelligence (left hand) Put on which piece of jewellery? (? for menu, Esc to quit)
You feel clever.
y - a +6 ring of intelligence (right hand) Unknown command.
Okay, then.
There is a transporter here.
You start resting.
MP restored: 12 Welcome to arena 1.
You enter the transporter and appear at another place.
Jessica and Sigmund come into view.
Found a phantom mirror and a scroll of brand weapon.
Found a transporter.
Unknown command.
Aim: Jessica, wielding a club and wearing a robe You feel a surge of power!
The flame tongue misses Jessica.
Sigmund shouts!
Jessica shouts, "You're disturbing me!
I'll have to kill you!" Jessica gestures at you while chanting.
You barely resist.
Sigmund drinks a potion.
Sigmund suddenly seems more agile.
You take 1 damage, and have 9/10 hp.
You now have 11/12 mp.
Aim: Jessica, wielding a club and wearing a robe You feel a surge of power!
The flame tongue hits Jessica.
You kill Jessica!
Vehumet accepts your kill.
Your Fighting skill gained 2 levels and is now at level 2!
Your Spellcasting skill increases to level 4!
Your Conjurations skill gained 2 levels and is now at level 3!
Your Fire Magic skill increases to level 4!
You have reached level 2!
You regained 6 hp, and now have 15/17 hp.
You now have 10/15 mp.
Aim: Sigmund, wielding a scythe and wearing a robe (unusually agile)
You feel a surge of power!
The flame tongue hits Sigmund.
Sigmund barely misses you.
You take 1 damage, and have 14/17 hp.
You now have 9/15 mp.
Aim: Sigmund, wielding a scythe and wearing a robe (lightly wounded, unusually agile)
You feel a surge of power!
The flame tongue hits Sigmund.
You take 1 damage, and have 13/17 hp.
You now have 8/15 mp.
Aim: Sigmund, wielding a scythe and wearing a robe (heavily wounded, unusually agile)
You feel a surge of power!
The flame tongue misses Sigmund.
Sigmund mumbles some strange words.
Sigmund flickers and vanishes!
You take 1 damage, and have 12/17 hp.
You now have 7/15 mp.
You can't see any susceptible monsters within range! (Use Z to cast anyway.)
You feel a surge of power!
The flame tongue hits something.
* * * LOW MAGIC WARNING * * *
Something hits you.
* * * LOW HITPOINT WARNING * * *
You take 7 damage, and have 5/17 hp.
MASSIVE DAMAGE!!
You now have 6/15 mp.
You feel a surge of power!
* * * LOW HITPOINT WARNING * * *;
* * * LOW MAGIC WARNING * * *
Something hits you.
You die...

▓▓▓▓▓▓▓
▓.8©8.▓
▓.....▓
▓.?.}.▓
▓..{..▓
▓.....▓
▓..@..▓
▓▓▓▓▓▓▓


There were no monsters in sight!

Vanquished Creatures
  Jessica (D)
1 creature vanquished.

Notes
Turn   | Place    | Note
-------+----------+-------------------------------------------
     0 | D        | Found the +6 Majin-Bo {vamp, Archmagi MP+6 Int+6}
     0 | D        | Found the +7 great mace "Firestarter" {inner flame, rF++}
     0 | D        | theanonym the Deep Elf Fire Elementalist began the quest for the Orb.
     0 | D        | Reached XP level 1. HP: 10/10 MP: 6/6
     2 | D        | Found a blossoming altar of Fedhas.
     4 | D        | Found a viscous altar of Jiyva.
     4 | D        | Found a hazy altar of Hepliaklqana.
     4 | D        | Found a transporter.
     4 | D        | Found an opulent altar of Gozag.
     4 | D        | Found an ancient bone altar of Kikubaaqudgha.
     4 | D        | Found a corrupted altar of Lugonu.
    16 | D        | Found a burning altar of Makhleb.
    17 | D        | Found a sacrificial altar of Ru.
    17 | D        | Found a stormy altar of Qazlal.
    17 | D        | Found a deep blue altar of Sif Muna.
    17 | D        | Found an iron altar of Okawaru.
    17 | D        | Found a bloodstained altar of Trog.
    17 | D        | Found a sparkling altar of Nemelex Xobeh.
    40 | D        | Found the +9 heavy crossbow "Sniper" {velocity, Acc+∞ SInv}
    40 | D        | Found the +10 dark maul {crush}
    40 | D        | Found the +15 Maxwell's patent armour {-Cast -Tele rElec MR+ rCorr}
    40 | D        | Found the +18 shield of the Gong {rElec rN+ MR+ EV-5}
    40 | D        | Found the cursed +14 obsidian axe {chop, +Fly SInv *Curse}
    42 | D        | Found the +6 shillelagh "Devastator" {shatter}
    42 | D        | Found the +11 plutonium sword {*Contam Stlth-}
    42 | D        | Found the +8 lance "Wyrmbane" {slay drac, rPois rF+ rC+ AC+3}
    42 | D        | Found the +9 sword of Zonguldrok {reap}
    42 | D        | Found the cursed +13 scythe of Curses {drain, *Curse}
    42 | D        | Found the +0 sword of Power
    42 | D        | Found the +16 mace of Variability {chaos}
    42 | D        | Found the +7 Singing Sword
    42 | D        | Found the +7 longbow "Piercer" {penet, EV-2}
    54 | D        | Became a worshipper of Vehumet
    91 | D        | Entered arena 2.
    91 | D        | Found a transporter.
    91 | D        | Noticed Sigmund
    91 | D        | Noticed Jessica
    93 | D        | Killed Jessica
    93 | D        | Reached skill level 2 in Fighting
    93 | D        | Reached skill level 4 in Spellcasting
    93 | D        | Reached skill level 3 in Conjurations
    93 | D        | Reached skill level 4 in Fire Magic
    93 | D        | Reached XP level 2. HP: 16/17 MP: 9/9
    98 | D        | Slain by Sigmund

Vault maps used:
D:        sprint_v

Skill      XL: |  1 |
---------------+----+-----
Fighting       | 2 |  2.1
Spellcasting   | 4 |  4.8
Conjurations   | 3 |  3.2
Fire Magic     | 4 |  4.5
Dodging        | |  2.4
Stealth        | |  2.4

Action                   || total
-------------------------++-------
 Cast: Flame Tongue      ||     7
  Eat: Bread ration      ||     1
Dodge: Dodged            ||     1

Table legend:
 A = Spawn XP
 B = Non-spawn XP
 C = Spawn XP percentage of total XP
 D = Spawn monster count
 E = Non-spawn monster count
 F = Spawn count percentage of total count
 G = Total turns spent on level
                    A         B        C        D         E        F      G
               +---------+---------+-------+---------+---------+-------+---------
         Total |       0 |      37 |   0.0 |       0 |       1 |   0.0 |    98
               +---------+---------+-------+---------+---------+-------+---------
             D |       0 |      37 |   0.0 |       0 |       1 |   0.0 |    98
               +---------+---------+-------+---------+---------+-------+---------
